 Dungeon Crawl Stone Soup version 0.24-a0-433-gbe6fa4f6cc (webtiles) character file.

Game seed: 7380480467242085038

550 emperorscorpion the Chopper (level 7, -3/62 HPs)
             Began as a Minotaur Berserker on June 14, 2019.
             Was a Believer of Trog.
             Slain by a centaur (8 damage)
             ... on level 5 of the Dungeon.
             The game lasted 00:05:38 (540 turns).

emperorscorpion the Chopper (Minotaur Berserker)     Turns: 540, Time: 00:05:38

Health: -3/62      AC:  7    Str: 24    XL:     7   Next: 7%
Magic:  6/6        EV: 12    Int:  4    God:    Trog [**....]
Gold:   72         SH:  0    Dex:  9    Spells: 6/6 levels left

rFire    . . .     SeeInvis .   a - +0 war axe
rCold    . . .     Gourm    .   (no shield)
rNeg     . . .     Faith    .   h - +0 ring mail
rPois    .         Spirit   .   (helmet restricted)
rElec    .         Reflect  .   e - +0 cloak
rCorr    .         Harm     .   (no gloves)
MR       ++...                  (no boots)
Stlth    +.........             (no amulet)
HPRegen  1.20/turn              (no ring)
MPRegen  0.10/turn              (no ring)

@: berserk cooldown, regenerating, slowed, very slow
A: retaliatory headbutt, horns 2
a: Berserk, Trog's Hand, Renounce Religion


You were on level 5 of the Dungeon.
You worshipped Trog.
Trog was pleased with you.
You were not hungry.

You visited 1 branch of the dungeon, and saw 6 of its levels.

You collected 72 gold pieces.

Inventory:

Hand Weapons
 a - a +0 war axe (weapon)
 m - a +0 hand axe
Missiles
 l - a javelin (quivered)
Armour
 b - a +0 animal skin
 e - a +0 cloak (worn)
 h - a +0 ring mail (worn)
Wands
 n - a wand of digging (5)
 o - a wand of random effects (22)
Scrolls
 d - 2 scrolls of fear
 g - 2 scrolls of remove curse
 i - a scroll of enchant armour
Potions
 j - a potion of heal wounds {unknown}
 k - a potion of magic {unknown}
Comestibles
 c - a ration
 f - 10 chunks of flesh


   Skills:
 + Level 5.9 Fighting
 + Level 6.9 Axes
 + Level 4.1 Armour
 + Level 3.5 Dodging
 + Level 1.1 Stealth


You had 6 spell levels left.
You didn't know any spells.
Your spell library contained the following spells:

 Spells                   Type           Power        Failure   Level  Hunger
 Animate Skeleton         Necr           N/A          65%         1    ##.....
 Apportation              Tloc           #.....       65%         1    ##.....
 Confusing Touch          Hex            #.....       65%         1    ##.....
 Infusion                 Chrm           #...         65%         1    ##.....
 Summon Small Mammal      Summ           #...         65%         1    ##.....
 Shroud of Golubria       Chrm/Tloc      #.....       78%         2    ###....
 Song of Slaying          Chrm           #.......     78%         2    ###....
 Regeneration             Chrm/Necr      #.........   95%         3    ####...
 Spectral Weapon          Hex/Chrm       #.......     95%         3    ####...


Dungeon Overview and Level Annotations

Branches:
Dungeon (6/15)
 Temple: D:4-7

Altars:
Xom
The Shining One

Shops:
D:5 }


Innate Abilities, Weirdness & Mutations

You reflexively headbutt those who attack you in melee.
You have a pair of horns on your head.


Message History

A centaur comes into view.
The centaur shouts!
The centaur wields a +0 shortbow.
The centaur shoots an arrow.
The arrow hits you.
* * * LOW HITPOINT WARNING * * *
The centaur shoots an arrow.
The arrow barely misses you.
Your skin crawls.
You feel resistant to hostile enchantments.
You feel somewhat more hungry.
The centaur shoots an arrow.
The arrow barely misses you.
You see here an arrow.
The centaur shoots an arrow.
The arrow hits you but does no damage.
The centaur shoots an arrow.
The arrow misses you.
You see here an arrow.
The centaur unwields a +0 shortbow.
The centaur hits you.
* * * LOW HITPOINT WARNING * * *
The centaur hits you.
* * * LOW HITPOINT WARNING * * *
You closely miss the centaur. The centaur hits you!
You die...

#.....<.+.......
##......##.....#
#########....(# #......+ #
##.....# c## #......##
#♣^^##
#########......(##...♣.#
#........#....(###..≈..#
#....)...'....@.#.≈.≈#≈.
#....>÷..#÷...c....^_._.
.........<.#.....##^≈.^≈..
...........#......#.≈^^..^
...........#......##≈^..≈#
...........#.......##.♣≈##
...........#........##^ #
...........#########...#
.########### ## #


You could see a centaur.

Vanquished Creatures
  An ice beast (D:6)
  An ogre (D:5)
  A bullfrog (D:6)
  A crimson imp (D:5)
  2 orc priests (D:5)
  An iguana (D:5)
  2 orc wizards (D:5)
  4 worker ants
  A killer bee zombie (D:6)
  3 adders
  A dart slug (D:1)
  4 leopard geckos
  9 orcs
  4 jackals (D:1)
  A ball python (D:1)
  A leopard gecko zombie (D:5)
  A plant (D:1)
38 creatures vanquished.

Notes
Turn   | Place    | Note
-------+----------+-------------------------------------------
     0 | D:1      | emperorscorpion the Minotaur Berserker began the quest for
                  | the Orb.
     0 | D:1      | Reached XP level 1. HP: 19/19 MP: 0/0
    30 | D:1      | Reached XP level 2. HP: 27/27 MP: 1/1
    34 | D:1      | Reached skill level 4 in Axes
    40 | D:2      | Found a glowing golden altar of the Shining One.
   122 | D:4      | Reached XP level 3. HP: 31/33 MP: 2/2
   207 | D:5      | Entered Level 5 of the Dungeon
   214 | D:5      | Noticed an ogre
   222 | D:5      | Killed an ogre
   222 | D:5      | Reached skill level 5 in Axes
   222 | D:5      | Reached XP level 4. HP: 41/41 MP: 3/3
   232 | D:5      | Reached XP level 5. HP: 35/47 MP: 4/4
   248 | D:5      | Reached skill level 5 in Fighting
   359 | D:5      | Found Wieho's Gadget Shop.
   372 | D:5      | Reached XP level 6. HP: 56/56 MP: 5/5
   375 | D:5      | Reached skill level 6 in Axes
   380 | D:5      | Reached ** piety under Trog
   407 | D:6      | Noticed an ice beast
   420 | D:6      | Killed an ice beast
   431 | D:6      | Reached skill level 1 in Stealth
   500 | D:6      | Noticed an orc warrior
   505 | D:6      | HP: 2/57 [orc wizard/magic dart (5)]
   509 | D:5      | Reached XP level 7. HP: 2/62 MP: 6/6
   530 | D:5      | Found a shimmering altar of Xom.
   532 | D:5      | Found a shimmering altar of Xom.
   539 | D:5      | HP: 3/62 [centaur (4)]
   540 | D:5      | Slain by a centaur

Levels and vault maps discovered:
D:1:      roderic_crop_circles_arrival_small, layout_basic
D:2:      layout_basic, lemuel_crystal_altar, lemuel_round_altar, first_ration,
          minmay_misc_feat_more_columns
D:3:      layout_loops_ring, nicolae_overflow_crystal_walls,
          cheibriados_altar_1, grunt_ministairs_9, hex_large
D:4:      layout_loops_ring, okawaru_gym_becter, trog_eyes_of_draining,
          serial_bayou_ford_a, uniq_grinder, uniq_duvessa
D:5:      minmay_goblin_kobold_castle, layout_gridville, xom_redecorated,
          nicolae_qazlal_eye_of_the_storm, temple_statues, serial_shops,
          nicolae_shop_statue_plus, hangedman_abyss_or_decor_stagger,
          uniq_crazy_yiuf_cottage
D:6:      layout_cave_pools, minitemple, nicolae_overflow_hidden_temple

Skill      XL: |  1  2  3  4  5  6 |
---------------+-------------------+-----
Fighting       | 4 5 |  5.9
Axes           | 4 5 6 |  6.9
Armour         | 3 4 |  4.1
Dodging        | 3 |  3.5
Stealth        | 1 |  1.1

Action                   |  1- 3 |  4- 6 |  7- 9 || total
-------------------------+-------+-------+-------++-------
Melee: Hand axe          |    37 |    31 |       ||    68
       Headbutt          |    11 |     8 |       ||    19
       War axe           |       |    17 |     3 ||    20
Invok: Berserk           |     4 |     4 |       ||     8
       Trog's Hand       |       |       |     1 ||     1
  Use: Potion            |     1 |       |       ||     1
       Scroll            |       |     3 |       ||     3
 Stab: Invisible         |     2 |       |       ||     2
  Eat: Chunk             |       |     5 |     1 ||     6
Armor: Animal skin       |     1 |       |       ||     1
       Ring mail         |       |    18 |     2 ||    20
Dodge: Dodged            |    13 |    32 |     5 ||    50

Table legend:
 A = Non-vault XP
 B = Vault XP
 C = Vault XP percentage of total XP
 D = Non-vault monster count
 E = Vault monster count
 F = Vault count percentage of total count
                 A         B        C        D         E       F
            +---------+---------+-------+---------+---------+-------
      Total |     787 |       0 |   0.0 |      37 |       0 |   0.0
            +---------+---------+-------+---------+---------+-------
        D:1 |      16 |       0 |   0.0 |       7 |       0 |   0.0
        D:4 |      51 |       0 |   0.0 |       7 |       0 |   0.0
        D:5 |     431 |       0 |   0.0 |      16 |       0 |   0.0
        D:6 |     289 |       0 |   0.0 |       7 |       0 |   0.0
            +---------+---------+-------+---------+---------+-------
